[Event "CZE Extraliga 2019-20"]
[Site "Czech Republic"]
[Date "2019.10.12"]
[Round "1.8"]
[White "Kuba, Jindrich"]
[Black "Barak, David"]
[Result "1/2-1/2"]
[ECO "B17"]
[WhiteElo "2295"]
[BlackElo "2070"]
[Annotator "NA"]
[PlyCount "85"]
[EventDate "2019.09.15"]
[EventType "team-tourn"]
[EventCountry "CZE"]
[SourceTitle "playchess.com"]
[Source "ChessBase"]
[SourceQuality "1"]
[BlackTeam "Duras"]
[TimeControl "40/5400+30:1800+30"]

1. e4 c6 2. d4 d5 3. Nc3 dxe4 4. Nxe4 Nd7 5. Bd3 Ndf6 6. c3 Nxe4 7. Bxe4 Nf6 8. Bd3 Bg4 9. f3 Bh5 10. Nh3 e6 11. Bg5 Be7 12. Qe2 Bg6 13. Bc4 Qc7 14. Bf4 Bd6 15. Bxd6 Qxd6 16. Qe5 Qxe5+ 17. dxe5 Nd7 18. f4 O-O-O 19. O-O-O Nc5 20. Nf2 Ne4 21. Nxe4 Bxe4 22. Rxd8+ Rxd8 23. Be2 g6 24. Rg1 h5 25. h4 Kc7 26. g3 Kb6 27. b4 Kc7 28. Rd1 Rxd1+ 29. Kxd1 b6 30. Kd2 Bb1 31. a3 Be4 32. Ke3 Bc2 33. Kd4 Bf5 34. Bd1 Bh3 35. c4 Bf5 36. a4 Bh3 37. c5 b5 38. axb5 cxb5 39. Bf3 a6 40. c6 Bf5 41. Kc5 Bh3 42. Be2 Bf5 43. Bf3 1/2-1/2

[Event "CZE Extraliga 2019-20"]
[Site "Czech Republic"]
[Date "2019.10.12"]
[Round "1.8"]
[White "Pribyl, Josef"]
[Black "Vymazal, Bronislav"]
[Result "0-1"]
[ECO "A81"]
[WhiteElo "2234"]
[BlackElo "2347"]
[Annotator "NA"]
[PlyCount "80"]
[EventDate "2019.09.15"]
[EventType "team-tourn"]
[EventCountry "CZE"]
[SourceTitle "playchess.com"]
[Source "ChessBase"]
[SourceQuality "1"]
[TimeControl "40/5400+30:1800+30"]

1. d4 f5 2. g3 Nf6 3. Bg2 g6 4. Nf3 Bg7 5. c4 O-O 6. Nc3 d6 7. O-O Qe8 8. Bg5 e5 9. Qc1 e4 10. Ne1 c6 11. Nc2 Be6 12. b3 Nbd7 13. Bh6 d5 14. cxd5 Nxd5 15. Nxd5 Bxd5 16. Bxg7 Kxg7 17. Ne3 Nf6 18. Qd2 Qe6 19. f4 exf3 20. exf3 Rad8 21. Rfe1 Qd6 22. Rad1 f4 23. Nf1 Rf7 24. g4 Nxg4 25. Qa5 b6 26. Qc3 Nh6 27. Nd2 Nf5 28. Ne4 Bxe4 29. Rxe4 Ne3 30. Re1 Qf6 31. Rc1 c5 32. Bf1 Rxd4 33. Rxd4 cxd4 34. Qd3 Qg5+ 35. Kh1 Qd5 36. Be2 Re7 37. a4 Ng4 38. Kg1 Ne5 39. Qd1 d3 40. Kf2 Ng4+ 0-1

[Event "CZE Extraliga 2019-20"]
[Site "Czech Republic"]
[Date "2019.10.12"]
[Round "1.8"]
[White "Mudrak, Josef"]
[Black "Liska, Jiri"]
[Result "1/2-1/2"]
[ECO "D79"]
[WhiteElo "2221"]
[BlackElo "2302"]
[Annotator "NA"]
[PlyCount "127"]
[EventDate "2019.09.15"]
[EventType "team-tourn"]
[EventCountry "CZE"]
[SourceTitle "playchess.com"]
[Source "ChessBase"]
[SourceQuality "1"]
[WhiteTeam "Kromeriz"]
[BlackTeam "Turnov"]
[TimeControl "40/5400+30:1800+30"]

1. d4 Nf6 2. Nf3 g6 3. c4 Bg7 4. g3 O-O 5. Bg2 c6 6. O-O d5 7. cxd5 cxd5 8. Nc3 Nc6 9. Ne5 Ng4 10. Nxc6 bxc6 11. Na4 Nf6 12. Bf4 Ne4 13. Rc1 Qa5 14. b3 Qa6 15. Re1 Rd8 16. Bc7 Re8 17. f3 Nd6 18. Nc5 Qxa2 19. e3 Nb5 20. Ra1 Qxa1 21. Qxa1 Nxc7 22. f4 Bf5 23. Qa5 Rec8 24. h3 h5 25. Kh2 Ne6 26. Na6 Bf8 27. Rc1 Nd8 28. Bf3 Nb7 29. Qd2 Nd6 30. g4 hxg4 31. hxg4 Be4 32. Be2 e6 33. Kg3 Be7 34. Bf3 Kg7 35. Nc5 Bxf3 36. Kxf3 Rh8 37. Qg2 Rab8 38. Rh1 Rxh1 39. Qxh1 Ne4 40. Nxe4 dxe4+ 41. Kxe4 Rxb3 42. Qa1 Ra3 43. Qb2 Kg8 44. Qb7 Bf8 45. Qxc6 a5 46. Qc1 a4 47. f5 exf5+ 48. gxf5 gxf5+ 49. Kxf5 Ra2 50. d5 a3 51. Ke4 Rg2 52. Kf3 Rg6 53. Qc2 Rf6+ 54. Kg3 Rb6 55. Qa4 Rb4 56. Qa8 Rb6 57. e4 Rg6+ 58. Kf3 Rf6+ 59. Ke3 Kg7 60. e5 Bc5+ 61. Ke4 Rf2 62. d6 Rd2 63. Qa5 a2 64. Qxd2 1/2-1/2